 Dungeon Crawl Stone Soup version 0.30.1-9-gdf580d7c3d (webtiles) character file.

Game seed: 8730516951976484494

200986 ringo67 the Unseen (level 17, -4/89 HPs)
             Began as a Spriggan Enchanter on Sept 23, 2023.
             Was the Champion of Nemelex Xobeh.
             Blown up by an orb spider (46 damage)
             ... with an orb of destruction
             ... on level 4 of the Spider Nest on Sept 25, 2023.
             The game lasted 05:23:21 (45900 turns).

ringo67 the Unseen (Spriggan Enchanter)            Turns: 45900, Time: 05:23:21

Health: -4/89      AC: 17    Str: 14    XL:     17   Next: 89%
Magic:  21/34      EV: 39    Int: 22    God:    Nemelex Xobeh [******]
Gold:   1323       SH: 10    Dex: 31    Spells: 18/41 levels left

rFire   . . .        j - +1 dagger (elec)
rCold   . . .        a - +3 buckler {AC+3}
rNeg    . . .        H - +6 acid dragon scales
rPois   .            y - +0 hat "Gibew" {Rampage rElec Dex+4 Stlth+}
rElec   +            Z - +1 cloak
rCorr   +            (gloves unavailable)
SInv    +            (boots unavailable)
Will    ++...        w - amulet of magic regeneration
Stlth   +++++++++    u - ring "Voh Madgh" {Str+2 Int+6 Dex+5}
HPRegen 0.34/turn    b - +6 ring of strength
MPRegen 0.64/turn

%: rampage
@: studying 2 skills, very quick
A: very small, no large weapons, unfitting armour, see invisible, speed 3
}: 1/15 runes: decaying
a: Renounce Religion, Draw Escape, Draw Destruction, Draw Summoning, Triple
Draw, Deal Four, Stack Five


You were on level 4 of the Spider Nest.
You worshipped Nemelex Xobeh.
Nemelex Xobeh was exalted by your worship.
You visited 6 branches of the dungeon, and saw 31 of its levels.
You also visited: Ice Cave.

You collected 3975 gold pieces.
You spent 2652 gold pieces at shops.

Inventory:

Hand Weapons
 j - a +1 dagger of electrocution (weapon)
 C - a +2 rapier of protection
Missiles
 r - 3 throwing nets
 E - 35 poisoned darts (quivered)
Armour
 a - a +3 buckler of protection (worn)
 y - the +0 hat "Gibew" (worn) {Rampage rElec Dex+4 Stlth+}
   (You acquired it on level 2 of the Orcish Mines)

   Dex:       It affects your dexterity (+4).
   rElec:     It insulates you from electricity.
   Rampage:   It bestows one free step when moving towards enemies.
   Stlth:     It makes you more stealthy.
 H - +6 acid dragon scales (worn)
 N - a scarf of repulsion
 W - a +2 robe of resistance
 Z - a +1 cloak (worn)
Jewellery
 b - a +6 ring of strength (right hand)
 f - a ring of flight
 u - the ring "Voh Madgh" (left hand) {Str+2 Int+6 Dex+5}
   (You acquired it on level 2 of the Orcish Mines)

   [ring of intelligence]

   Str:       It affects your strength (+2).
   Int:       It affects your intelligence (+6).
   Dex:       It affects your dexterity (+5).
 w - an amulet of magic regeneration (around neck)
 A - an amulet of guardian spirit
 G - a ring of protection from fire
 M - a ring of willpower
 X - a ring of protection from cold
Wands
 I - a wand of roots (32)
 J - a wand of mindburst (39)
 L - a wand of acid (2)
 R - a wand of digging (8)
 U - a wand of charming (5)
 V - a wand of polymorph (8)
 Y - a wand of flame (3)
Scrolls
 d - 4 scrolls of blinking
 e - 2 scrolls of brand weapon
 g - 4 scrolls of identify
 i - 2 scrolls of summoning
 l - 2 scrolls of fear
 n - 5 scrolls of magic mapping
 q - 4 scrolls of amnesia
 s - 7 scrolls of enchant weapon
 v - 5 scrolls of teleportation
 x - 3 scrolls of fog
 Q - a scroll of silence
 S - 6 scrolls of poison
Potions
 c - 5 potions of invisibility
 h - 4 potions of lignification
 k - 6 potions of mutation
 m - 6 potions of magic
 o - 3 potions of might
 p - 6 potions of curing
 t - 5 potions of heal wounds
 B - 6 potions of haste
 D - 6 potions of attraction
 F - 2 potions of berserk rage
 K - 2 potions of resistance
 P - 6 potions of brilliance
Miscellaneous
 O - a phantom mirror
 T - a lightning rod (4/4)


   Skills:
 + Level 10.2 Fighting
 - Level 10.4 Short Blades
 - Level 17.4 Dodging
 - Level 19.0 Stealth
 - Level 5.0 Shields
 - Level 12.6 Spellcasting
 + Level 4.2 Conjurations
 - Level 11.0 Hexes
 - Level 4.5 Translocations
 - Level 12.0 Transmutations
 + Level 12.0 Earth Magic
 - Level 8.0 Invocations
 - Level 3.7 Evocations


You had 18 spell levels left.
You knew the following spells:

 Your Spells              Type           Power      Damage    Failure   Level
a - Ensorcelled Hibernat  Hex/Ice        76%        N/A       1%          2
b - Tukima's Dance        Hex            58%        N/A       1%          3
c - Confusing Touch       Hex            58%        N/A       1%          3
d - Blink                 Tloc           66%        N/A       1%          2
e - Petrify               Tmut/Erth      61%        N/A       1%          4
f - Summon Guardian Gole  Hex/Summ       38%        N/A       2%          3
g - Iron Shot             Conj/Erth      24%        9d5       43%         6

Your spell library contained the following spells:

 Spells                   Type           Power      Damage    Failure   Level
 Apportation              Tloc           66%        N/A       1%          1
 Lesser Beckoning         Tloc           66%        N/A       1%          2
 Passwall                 Tmut/Erth      50%        N/A       1%          2
 Dazzling Flash           Conj/Hex       94%        N/A       1%          3
 Portal Projectile        Hex/Tloc       96%        N/A       1%          3
 Leda's Liquefaction      Hex/Erth       29%        N/A       1%          4
 Blade Hands              Tmut           30%        N/A       1%          5
 Momentum Strike          Conj/Tloc      66%        3d9       2%          2
 Inner Flame              Hex/Fire       38%        N/A       2%          3
 Static Discharge         Conj/Air       46%        2-4/arc   5%          2
 Animate Armour           Summ/Erth      80%        N/A       8%          4
 Ice Form                 Ice/Tmut       40%        N/A       8%          4
 Necrotise                Necr           52%        1d6       9%          1
 Summon Small Mammal      Summ           52%        N/A       9%          1
 Statue Form              Tmut/Erth      40%        N/A       10%         6
 Hailstorm                Conj/Ice       23%        3d7       11%         3
 Vhi's Electric Charge    Tloc/Air       46%        N/A       11%         3
 Manifold Assault         Tloc           33%        N/A       14%         4
 Alistair's Intoxication  Tmut/Pois      26%        N/A       22%         5
 Call Canine Familiar     Summ           13%        N/A       26%         3
 Ozocubu's Armour         Ice            13%        N/A       26%         3
 Swiftness                Air            13%        N/A       26%         3
 Metabolic Englaciation   Hex/Ice        19%        N/A       26%         5
 Flame Wave               Conj/Fire      23%        2d8       36%         4
 Sticky Flame             Conj/Fire      23%        2d4       36%         4
 Iskenderun's Battlesphe  Conj           32%        2d8       38%         5
 Enfeeble                 Hex            29%        N/A       63%         7
 Airstrike                Air            6%         2d(1-17)  65%         4
 Olgreb's Toxic Radiance  Pois           13%        N/A       65%         4
 Summon Ice Beast         Ice/Summ       13%        N/A       65%         4
 Summon Lightning Spire   Summ/Air       13%        N/A       65%         4
 Arcjolt                  Conj/Air       11%        1d21      71%         5
 Fireball                 Conj/Fire      11%        3d7       71%         5
 Conjure Ball Lightning   Conj/Air       11%        3x3d6     99%         6
 Plasma Beam              Fire/Air       6%         2x1d18    100%        6
 Simulacrum               Ice/Necr       6%         N/A       100%        6
 Orb of Destruction       Conj           16%        9d7       100%        7
 Ozocubu's Refrigeration  Ice            6%         4d8       100%        7
 Spellforged Servitor     Conj/Summ      11%        N/A       100%        7
 Storm Form               Tmut/Air       20%        N/A       100%        7
 Discord                  Hex            29%        N/A       100%        8
 Ignition                 Fire           6%         3d4       100%        8


Dungeon Overview and Level Annotations

Branches:
Dungeon (15/15)            Temple (1/1) D:7            Lair (5/5) D:9
  Swamp (4/4) Lair:3       Spider (4/4) Lair:3        Slime (0/5) Lair:4
    Orc (2/2) D:12            Elf (0/3) Orc:2        Vaults (0/5) D:14
 Depths (0/4) D:15          IceCv (visited)

Altars:
Ashenzari
Cheibriados
Dithmenos
Elyvilon
Fedhas
Gozag
Hepliaklqana
Makhleb
Nemelex Xobeh
Okawaru
Qazlal
Ru
Sif Muna
Trog
Uskayaw
Vehumet
Wu Jian
Xom
Yredelemnul
Zin
The Shining One
Jiyva

Shops:
D:12 *   Orc:2 ?*?[

Portals:
Trove: D:15 (give +2 gold dragon scales)

Annotations:
D:8 2 transporters, exclusion: obsidian statue
Lair:4 exclusion: 3 oklob plants
Swamp:4 Lernaean hydra
Spider:2 2 transporters, Unned's ghost, journeyman GrFi


Innate Abilities, Weirdness & Mutations

You are very small and have problems with some larger weapons.
You are too small for most types of armour.
You have supernaturally acute eyesight. (SInv)
You cover ground extremely quickly. (Speed+++)


Message History

Casting: Ensorcelled Hibernation (safe; 1% risk of failure)
Confirm with . or Enter, or press ? or * to list all spells.
Aiming: Ensorcelled Hibernation (safe; 1% risk of failure)
Press: ? - help, Shift-Dir - straight line, f - demonic crawler
Aim: a demonic crawler (chance to affect: 30%)
The demonic crawler easily resists.
The demonic crawler hits you. You block the demonic crawler's attack.
The demonic crawler completely misses you.
The jumping spider pounces on you but does no damage.
The jumping spider completely misses you.
The orb spider begins to weave its threads into a brightly glowing ball.
The demonic crawler completely misses you. x2
The demonic crawler misses you.
Casting: Ensorcelled Hibernation (safe; 1% risk of failure)
Confirm with . or Enter, or press ? or * to list all spells.
Aiming: Ensorcelled Hibernation (safe; 1% risk of failure)
Press: ? - help, Shift-Dir - straight line, f - jumping spider, p - demonic crawler
Aim: a jumping spider (chance to affect: 65%)
The jumping spider looks drowsy...
The demonic crawler hits you.
You block the demonic crawler's attack. x2
The helpless jumping spider fails to defend itself.
You stick the jumping spider like a pincushion!!!!!
Lightning courses through the jumping spider!!
You kill the jumping spider!
Casting: Ensorcelled Hibernation (safe; 1% risk of failure)
Confirm with . or Enter, or press ? or * to list all spells.
Aiming: Ensorcelled Hibernation (safe; 1% risk of failure)
Press: ? - help, Shift-Dir - straight line, f - demonic crawler
Aim: a demonic crawler (chance to affect: 30%)
The demonic crawler looks drowsy...
The helpless demonic crawler fails to defend itself.
You spit the demonic crawler like a pig!!!!!
Lightning courses through the demonic crawler!!
You kill the demonic crawler!
The orb spider weaves a glowing orb of energy.
An orb of destruction comes into view.
The orb of destruction hits you!!!
Ouch! That really hurt!
You die...
Your body glows with a rainbow of weird colours and disappears.

####....^....†..............
#......^#...<............†..
#.......###^.†###....##.....
..##...###.#.#####.####.^#^###.
....^.....###........^.######
#. .....^...........s...... #.
....##..........○....... ##
^... #.......^.○#....... .#.
#.........@#....... #
###################


You could see an orb spider.

Vanquished Creatures
  Arachne (Spider:3)
  Jorgrun (Spider:1)
  Kirke (Spider:1)
  Frances (Spider:1)
  Donald (Swamp:1)
  2 ghost moths
  An emperor scorpion (Spider:3)
  4 ghouls
  A broodmother (Spider:1)
  An eleionoma (Swamp:4)
  The ghost of edwinsage the Nimble, a journeyman SpEn of Gozag (D:14)
  4 bunyips
  A spark wasp (Spider:3)
  A blizzard demon (IceCv)
  A shambling mangrove (Swamp:3)
  A rakshasa (D:15)
  4 vault guards (D:14)
  2 entropy weavers
  2 ghost crabs
  Fannar (D:10)
  2 jorogumos
  An ogre mage (D:15)
  A catoblepas (Lair:3)
  A radroach (Spider:4)
  16 hydras
  8 centaur warriors
  8 boulder beetles
  A death yak (Lair:3)
  7 two-headed ogres
  5 alligators
  3 orc high priests
  2 sun moths
  3 skysharks
  4 skeletal warriors (D:12)
  5 goliath frogs
  6 pharaoh ants
  5 orb spiders
  11 swamp dragons
  A wizard (D:15)
  6 spriggan druids
  10 spriggan simulacra (IceCv)
  2 bog bodies
  4 orc knights
  7 steelbarb worms
  2 deep elf pyromancers (D:14)
  Pikel (D:4)
  2 orc sorcerers
  6 ugly things
  16 wolf spiders
  4 will-o-the-wisps
  7 manticores
  5 cyclopes
  A faun (Lair:5)
  5 black mambas
  Joseph (D:9)
  A moth of wrath (Spider:3)
  7 demonic crawlers
  17 elephants
  An ice statue (D:15)
  A torpor snail (Spider:2)
  3 gargoyles (D:12)
  5 cane toads
  An orange demon (Lair:3)
  A rime drake (Lair:5)
  Psyche (D:7)
  10 komodo dragons
  An anaconda simulacrum (IceCv)
  6 unseen horrors
  A yaktaur (Orc:2)
  6 ice devils (IceCv)
  Maggie (D:7)
  An efreet (D:14)
  8 freezing wraiths
  A golden dragon simulacrum (IceCv)
  A yaktaur (shapeshifter) (D:14)
  A tengu conjurer (D:14)
  4 trolls
  3 meliai (D:13)
  7 polar bears
  A troll (shapeshifter) (D:14)
  A bloated husk (Swamp:2)
  12 tyrant leeches
  16 blink frogs
  7 hornets
  A dream sheep (Lair:5)
  15 tarantellas
  23 culicivoras
  21 jumping spiders
  A dire elephant simulacrum (IceCv)
  5 shadows
  46 yaks
  A centaur simulacrum (D:15)
  15 spriggans
  A wraith (D:12)
  Grum (D:9)
  5 slime creatures
  A human (Lair:5)
  A vampire (D:12)
  5 wyverns
  6 basilisks
  A steam dragon (Lair:2)
  37 redbacks
  12 vampire mosquitoes
  12 minotaur simulacra (IceCv)
  2 harpy simulacra (IceCv)
  15 swamp worms
  A warg (Orc:2)
  3 acid dragons
  25 water moccasins
  Duvessa (D:7)
  9 swamp drakes (Swamp:4)
  13 orc warriors
  4 black bears
  An ice beast (D:8)
  12 centaurs
  7 ogres
  2 boggarts (Lair:5)
  32 wolves
  2 kobold brigands
  6 bullfrogs
  2 scorpions
  3 necrophages (Swamp:4)
  A gnoll sergeant (D:6)
  2 deep troll simulacra (IceCv)
  3 wights (D:8)
  Dowan (D:7)
  3 killer bees (D:8)
  2 lindwurm simulacra (IceCv)
  5 howler monkeys
  A crimson imp (D:4)
  An electric eel (Lair:4)
  3 jellies (D:5)
  3 hounds
  10 orc priests
  2 sleepcaps (D:5)
  Jessica (D:2)
  4 iguanas
  9 orc wizards
  A killer bee zombie (D:8)
  Robin (D:2)
  A howler monkey zombie (D:8)
  8 gnolls
  7 adders
  A white imp (D:4)
  2 ufetubi
  2 worms
  4 dart slugs
  43 orcs
  6 ball pythons
  3 bats (D:2)
  6 endoplasms
  4 giant cockroaches
  19 goblins
  6 hobgoblins
  10 jackals
  3 quokkas
  3 frilled lizards
  15 kobolds
  8 rats
881 creatures vanquished.

Vanquished Creatures (collateral kills)
  A tentacled monstrosity (Swamp:1)
  Asterion (Spider:1)
  A thorn hunter (Swamp:1)
  A blizzard demon (IceCv)
  A shambling mangrove (Swamp:4)
  A hydra (Swamp:4)
  A two-headed ogre (D:9)
  An orc high priest (Orc:2)
  Amaemon (Lair:3)
  A swamp dragon (Swamp:4)
  2 orc knights (Orc:2)
  An orc sorcerer (Orc:2)
  A will-o-the-wisp (Swamp:3)
  A golden dragon simulacrum (IceCv)
  5 hornets
  An ice devil (IceCv)
  3 spriggans (Swamp:1)
  A wyvern (D:9)
  3 vampire mosquitoes
  2 minotaur simulacra (IceCv)
  A swamp worm (Swamp:1)
  A water moccasin (D:9)
  An orc warrior (Orc:2)
  A swamp drake (Swamp:4)
  An orc priest (Orc:2)
  An orc (Orc:2)
36 creatures vanquished.

Vanquished Creatures (others)
  An orb spider (Spider:1)
  2 will-o-the-wisps
  3 bloated husks
  A human (Spider:1)
  A vampire mosquito (Swamp:1)
  A boggart simulacrum (D:15)
  A goblin (D:5)
  64 foxfires
74 creatures vanquished.

Grand Total: 991 creatures vanquished

Notes
Turn   | Place    | Note
-------+----------+-------------------------------------------
     0 | D:1      | ringo67 the Spriggan Enchanter began the quest for the Orb.
     0 | D:1      | Reached XP level 1. HP: 9/9 MP: 5/5
   207 | D:1      | Reached XP level 2. HP: 13/13 MP: 7/7
   231 | D:1      | Learned a level 2 spell: Ensorcelled Hibernation
   667 | D:1      | Reached skill level 5 in Stealth
  1182 | D:2      | Reached XP level 3. HP: 16/16 MP: 8/8
  1299 | D:2      | Found a faded altar of an unknown god.
  1647 | D:2      | Noticed Robin
  1941 | D:2      | Noticed Jessica
  1966 | D:2      | Killed Jessica
  1967 | D:2      | Reached XP level 4. HP: 21/21 MP: 6/9
  2363 | D:2      | Killed Robin
  2595 | D:3      | Identified the +7 dagger of Resourcefulness {heavy,
                  | *Corrode rElec rN+ Str+2}
  2697 | D:3      | Reached XP level 5. HP: 24/24 MP: 4/10
  2941 | D:3      | Reached skill level 6 in Stealth
  3173 | D:4      | Noticed Pikel
  3173 | D:4      | Noticed a lemure
  3173 | D:4      | Noticed a lemure
  3173 | D:4      | Noticed a lemure
  3173 | D:4      | Noticed a lemure
  3332 | D:4      | You fall into a shaft and drop 3 floors!
  3338 | D:6      | Noticed a phantom
  3341 | D:5      | Entered Level 5 of the Dungeon
  3526 | D:4      | Killed Pikel
  3527 | D:4      | Reached skill level 5 in Dodging
  3527 | D:4      | Reached skill level 7 in Stealth
  3527 | D:4      | Reached skill level 5 in Hexes
  3527 | D:4      | Reached XP level 6. HP: 28/28 MP: 8/11
  3527 | D:4      | Reached XP level 7. HP: 32/32 MP: 8/12
  4045 | D:4      | Learned a level 3 spell: Tukima's Dance
  4049 | D:4      | Learned a level 3 spell: Confusing Touch
  4079 | D:4      | Reached skill level 8 in Stealth
  4472 | D:5      | Found a shimmering altar of Xom.
  4564 | D:5      | Reached skill level 5 in Short Blades
  4564 | D:5      | Reached XP level 8. HP: 16/36 MP: 13/13
  5454 | D:6      | Reached skill level 9 in Stealth
  5508 | D:6      | Found a radiant altar of Vehumet.
  5551 | D:6      | Identified the +9 war axe of the Saviour {spect, *Corrode
                  | Int+7 Dex+8 Stlth-}
  6002 | D:7      | Found a staircase to the Ecumenical Temple.
  6008 | Temple   | Entered the Ecumenical Temple
  6164 | Temple   | Became a worshipper of Nemelex Xobeh the Trickster
  6193 | D:7      | Noticed Duvessa
  6193 | D:7      | Noticed Dowan
  6234 | D:7      | Killed Duvessa
  6323 | D:7      | Killed Dowan
  6324 | D:7      | Reached skill level 1 in Invocations
  6370 | D:7      | Found a sacrificial altar of Ru.
  6518 | D:7      | Reached skill level 10 in Stealth
  6690 | D:7      | Noticed Maggie
  6800 | D:7      | Killed Maggie
  6801 | D:7      | Reached XP level 9. HP: 30/39 MP: 11/14
  7230 | D:8      | Noticed Psyche
  7496 | D:8      | Reached * piety under Nemelex Xobeh
  7538 | D:8      | Noticed a two-headed ogre
  7541 | D:8      | Noticed a troll
  7542 | D:8      | Noticed a boulder beetle
  7542 | D:8      | Noticed a tengu warrior
  7543 | D:8      | Found a transporter.
  7543 | D:8      | Found a transporter.
  7543 | D:8      | Noticed an obsidian statue
  7821 | D:8      | Reached skill level 11 in Stealth
  7872 | D:8      | Received a gift from Nemelex Xobeh
  8021 | D:8      | Reached skill level 1 in Fighting
  8340 | D:9      | Noticed Grum
  8341 | D:9      | Killed Grum
  8461 | D:9      | Noticed Joseph
  8464 | D:9      | Killed Joseph
  8465 | D:9      | Reached skill level 5 in Spellcasting
  8465 | D:9      | Reached XP level 10. HP: 47/47 MP: 18/18
  8634 | D:9      | Found a staircase to the Lair.
  8684 | D:9      | Reached skill level 5 in Invocations
  9064 | D:9      | Noticed a two-headed ogre
  9291 | D:7      | Killed Psyche
  9866 | D:10     | Entered Level 10 of the Dungeon
 10371 | D:10     | Found a glowing golden altar of the Shining One.
 10410 | D:10     | Reached XP level 11. HP: 46/54 MP: 14/21
 10574 | D:10     | Reached skill level 5 in Fighting
 10705 | D:10     | Received a gift from Nemelex Xobeh
 10727 | D:10     | Reached ** piety under Nemelex Xobeh
 10761 | D:10     | Found a hazy altar of Hepliaklqana.
 11144 | D:10     | Reached skill level 10 in Hexes
 11252 | D:10     | Noticed Fannar
 11272 | D:10     | Killed Fannar
 11465 | Lair:1   | Entered Level 1 of the Lair of Beasts
 11523 | D:9      | Killed a two-headed ogre
 11524 | D:9      | Reached skill level 10 in Short Blades
 11691 | Lair:1   | Learned a level 2 spell: Blink
 11696 | Lair:1   | Learned a level 4 spell: Petrify
 11799 | Lair:1   | Received a gift from Nemelex Xobeh
 11923 | Lair:1   | Reached skill level 12 in Stealth
 11923 | Lair:1   | Reached skill level 1 in Transmutations
 11965 | Lair:1   | Reached skill level 1 in Earth Magic
 12246 | Lair:1   | Reached XP level 12. HP: 59/61 MP: 20/22
 12565 | Lair:1   | Reached skill level 13 in Stealth
 12790 | Lair:2   | Reached *** piety under Nemelex Xobeh
 12870 | Lair:2   | Reached skill level 10 in Dodging
 13131 | Lair:2   | Reached skill level 5 in Transmutations
 13529 | Lair:2   | Reached skill level 1 in Translocations
 13547 | Lair:2   | Received a gift from Nemelex Xobeh
 13699 | Lair:2   | You fall into a shaft and drop 2 floors!
 13699 | Lair:4   | Found a viscous altar of Jiyva.
 13699 | Lair:4   | Found a staircase to the Slime Pits.
 13857 | Lair:3   | Noticed a catoblepas
 13860 | Lair:3   | Killed a catoblepas
 13944 | Lair:3   | Identified the +0 robe "Kawked" {rF+}
 14628 | Lair:3   | Reached **** piety under Nemelex Xobeh
 14661 | Lair:3   | Reached skill level 5 in Earth Magic
 14772 | Lair:3   | Found a staircase to the Swamp.
 14780 | Lair:3   | Noticed a death yak
 14785 | Lair:3   | Noticed a death yak
 14785 | Lair:3   | Noticed a death yak
 14817 | Lair:3   | Noticed Amaemon
 14861 | Lair:3   | Killed Amaemon
 15140 | Lair:3   | Reached skill level 14 in Stealth
 15182 | Lair:3   | Reached XP level 13. HP: 53/65 MP: 4/23
 15844 | Lair:3   | Found a hole to the Spider Nest.
 16070 | Lair:4   | Received a gift from Nemelex Xobeh
 16334 | Lair:4   | Reached skill level 15 in Stealth
 16769 | Lair:5   | Entered Level 5 of the Lair of Beasts
 17830 | Lair:5   | Received a gift from Nemelex Xobeh
 18647 | D:11     | Reached ***** piety under Nemelex Xobeh
 18647 | D:11     | Received a gift from Nemelex Xobeh
 18660 | D:11     | Reached skill level 16 in Stealth
 19060 | D:11     | Received a gift from Nemelex Xobeh
 19820 | D:12     | Found Moqylik's Assorted Antiques.
 19888 | D:12     | Reached skill level 10 in Transmutations
 20141 | D:12     | Found a staircase to the Orcish Mines.
 20189 | D:12     | Received a gift from Nemelex Xobeh
 20403 | Orc:1    | Entered Level 1 of the Orcish Mines
 20453 | Orc:2    | Entered Level 2 of the Orcish Mines
 20453 | Orc:2    | Found a staircase to the Elven Halls.
 20463 | Orc:2    | Received a gift from Nemelex Xobeh
 20554 | Orc:1    | Reached XP level 14. HP: 69/70 MP: 20/24
 21860 | Orc:2    | Found Ogootadd's Assorted Antiques.
 21860 | Orc:2    | Found Cickutz's Magic Scroll Boutique.
 21865 | Orc:2    | Reached skill level 17 in Stealth
 21867 | Orc:2    | Found Vucluiro's Magic Scroll Boutique.
 21867 | Orc:2    | Found Bumata's Armour Emporium.
 21885 | Orc:2    | Identified 2 scrolls of acquirement
 21885 | Orc:2    | Acquired 841 gold pieces
 21890 | Orc:2    | Acquired a +1 buckler of protection
 21951 | Orc:1    | Received a gift from Nemelex Xobeh
 22653 | Orc:1    | Reached skill level 1 in Shields
 22748 | Orc:1    | Received a gift from Nemelex Xobeh
 23607 | D:12     | Reached ****** piety under Nemelex Xobeh
 24111 | D:12     | Reached skill level 15 in Dodging
 24332 | D:13     | Received a gift from Nemelex Xobeh
 24809 | D:13     | Received a gift from Nemelex Xobeh
 25303 | D:14     | Found a runed translucent door.
 25303 | D:14     | Noticed edwinsage's ghost (journeyman SpEn)
 25309 | D:14     | Killed edwinsage's ghost
 25597 | D:14     | Reached XP level 15. HP: 46/74 MP: 20/25
 26039 | D:14     | Found a gate to the Vaults.
 26042 | D:14     | Received a gift from Nemelex Xobeh
 26216 | D:15     | Entered Level 15 of the Dungeon
 26813 | D:15     | Upgraded the game from 0.30.1-8-g117510f58f to
                  | 0.30.1-9-gdf580d7c3d
 26880 | D:15     | Found a portal to a secret trove of treasure.
 26925 | D:15     | Found a frozen archway.
 26947 | IceCv    | Entered an ice cave
 27118 | IceCv    | Learned a level 3 spell: Summon Guardian Golem
 27154 | IceCv    | Identified the +1 shortbow "Sebyst" {heavy, *Corrode rElec
                  | rPois Str+5}
 28039 | IceCv    | Reached skill level 5 in Shields
 29586 | D:15     | Found an opulent altar of Gozag.
 29760 | D:15     | Found a staircase to the Depths.
 30501 | Lair:3   | Received a gift from Nemelex Xobeh
 31825 | Orc:2    | Bought 3 scrolls of acquirement for 2652 gold pieces
 31835 | Orc:2    | Acquired 304 gold pieces
 31840 | Orc:2    | Acquired the +0 hat "Gibew" {Rampage rElec Dex+4 Stlth+}
 31853 | Orc:2    | Acquired the ring "Voh Madgh" {Str+2 Int+6 Dex+5}
 32137 | Swamp:1  | Entered Level 1 of the Swamp
 32137 | Swamp:1  | Noticed a thorn hunter
 32753 | Swamp:1  | Killed a thorn hunter
 32948 | Swamp:1  | Received a gift from Nemelex Xobeh
 32964 | Swamp:1  | Reached XP level 16. HP: 82/82 MP: 28/28
 33420 | Swamp:1  | Noticed a tentacled monstrosity
 33451 | Swamp:1  | Killed a tentacled monstrosity
 33601 | Swamp:1  | Received a gift from Nemelex Xobeh
 33626 | Swamp:2  | Noticed Donald
 34024 | Swamp:1  | Killed Donald
 34158 | Swamp:2  | Received a gift from Nemelex Xobeh
 34329 | Swamp:2  | You are sucked into a shaft and drop 1 floor!
 34347 | Swamp:3  | Reached skill level 10 in Earth Magic
 34373 | Swamp:3  | Received a gift from Nemelex Xobeh
 34855 | Swamp:2  | Reached skill level 10 in Spellcasting
 36460 | Swamp:4  | Entered Level 4 of the Swamp
 39582 | Swamp:4  | Noticed the 27-headed Lernaean hydra
 39849 | Swamp:4  | Got a decaying rune of Zot
 40737 | Swamp:4  | Reached XP level 17. HP: 86/86 MP: 32/34
 40983 | Spider:1 | Entered Level 1 of the Spider Nest
 40983 | Spider:1 | Received a gift from Nemelex Xobeh
 41044 | Spider:1 | Reached skill level 1 in Evocations
 41202 | Spider:1 | Noticed Asterion
 41441 | Spider:1 | Killed Asterion
 41951 | Spider:1 | Noticed Jorgrun
 41953 | Spider:1 | Found the +6 arbalest "Damnation" {damnation}
 41954 | Spider:1 | Killed Jorgrun
 41992 | Spider:1 | Noticed Frances
 41997 | Spider:1 | Killed Frances
 42171 | Spider:1 | Learned a level 6 spell: Iron Shot
 42173 | Spider:1 | Received a gift from Nemelex Xobeh
 42314 | Spider:1 | Noticed Kirke
 42334 | Spider:1 | Killed Kirke
 42758 | Spider:1 | Reached skill level 1 in Conjurations
 42858 | Spider:2 | Received a gift from Nemelex Xobeh
 43048 | Spider:2 | Found a transporter.
 43056 | Spider:2 | Found a transporter.
 43059 | Spider:2 | Noticed Unned's ghost (journeyman GrFi)
 43128 | Spider:2 | Reached skill level 18 in Stealth
 43875 | Spider:3 | Received a gift from Nemelex Xobeh
 44679 | Spider:3 | Noticed Arachne
 44683 | Spider:3 | Killed Arachne
 44781 | Spider:3 | Got Piyd's Commentary on Spellbinding Generation
 44905 | Spider:3 | Reached skill level 19 in Stealth
 45334 | Spider:4 | Entered Level 4 of the Spider Nest
 45413 | Spider:3 | Reached skill level 10 in Fighting
 45900 | Spider:4 | Blown up by an orb spider

Illustrated notes

Levels and vault maps discovered:
D:1:      amcnicky_arrival_blooded_trapdoor, layout_basic
D:2:      layout_basic, dreamdust_ecumenical_altar_hidden_monk_grotto,
          kennysheep_jessica_study, uniq_robin
D:3:      layout_rooms
D:4:      layout_rooms, minmay_fire_ice_demons, uniq_pikel
D:5:      minmay_razor_zed, layout_basic, dk_xom_monty_hall
D:6:      layout_rooms, nicolae_vehumet_altar_sigil
D:7:      layout_loops_ring, nicolae_ru_the_path_less_chosen, temple_green,
          enter_bailey_5, uniq_duvessa, uniq_maggie
D:8:      gammafunk_sealed_arena, layout_loops_cross,
          lemuel_mausoleum_altar_kikubaaqudgha, grunt_ministairs_3, uniq_psyche
D:9:      layout_roguey, minmay_lair_entry_grove, uniq_joseph, uniq_grum
D:10:     layout_cave_pools, mainiacjoe_overflow_24_doors, tso_metal_star,
          kennysheep_generic_room_8, uniq_fannar
D:11:     layout_loops_ring, minmay_misc_feat_cross
D:12:     kennysheep_windowed_halls, layout_stronghold, serial_shops, shop,
          amcnicky_mini_pool_small
D:13:     layout_loops_cross
D:14:     layout_big_octagon, lightli_vaults_fourway_checkpoint,
          infiniplex_staircase_diamond, ebering_ghost_inner_flame,
          kennysheep_doodads
D:15:     grunt_enter_depths_giant_problem, layout_loops_ring, serial_ice,
          serial_ice_o, serial_ice_d, serial_ice_l, serial_ice_g,
          portal_ice_cave_entry_ice_statue_one, chequers_serial_rivers_large_b,
          nicolae_trove_entry_isolated, grunt_gozag_breadcrumbs
Temple:   nicolae_temple_elliptical
Lair:1:   layout_loops_ring, serial_bayou_shore_a
Lair:2:   layout_hall_layers, infiniplex_staircase_pool
Lair:3:   layout_cave_pods, swamp_mist, spider_nest_entry_funnel_web,
          kennysheep_catoblepas_arena, uniq_amaemon
Lair:4:   layout_roguey, minmay_slime_entry_oklob_enclosed, wad_woods_river_03
Lair:5:   minmay_lair_end_enchanted_forest, layout_regular_city, serial_forest,
          infiniplex_forest_lined_room_2, infiniplex_forest_straight_2,
          infiniplex_forest_lined_ring, infiniplex_forest_fountain,
          infiniplex_forest_clump_diagonal, infiniplex_forest_lined_2,
          infiniplex_forest_clump_diagonal, grunt_megastairs_2
Swamp:1:  cheibrodos_swamp_monstrosity, layout_basic_swamp,
          evilmike_swamp_ruin_house_4, wheals_swamp_sinkhole
Swamp:2:  layout_basic_swamp, evilmike_swamp_ruin_house_5, swamp_pool3,
          infiniplex_staircase_pool_2, uniq_donald
Swamp:3:  layout_basic_swamp, nicolae_swamp_treefoil, swamp_pool2
Swamp:4:  swamp_old_school, layout_basic_swamp, swamp_pool5
Spider:1: layout_spider_delve, hangedman_spider_tarantella_strand,
          uniq_asterion, uniq_jorgrun, uniq_frances, uniq_kirke
Spider:2: layout_spider_delve, gammafunk_ghost_berserking_beasts
Spider:3: layout_chambers, uniq_arachne
Spider:4: hellmonk_spider_rune_bug_friends
Orc:1:    layout_diamond_mine
Orc:2:    grunt_orc_tribal_feast, layout_diamond_mine

Skill      XL: |  1  2  3  4  5  6  7  8  9 10 11 12 13 14 15 16 17 |
---------------+----------------------------------------------------+-----
Spellcasting   | 3 5 6 7 12 | 12.6
Hexes          | 4 5 6 7 9 10 11 | 11.0
Stealth        | 5 7 8 10 11 12 14 16 17 19 | 19.0
Short Blades   | 2 4 5 6 7 9 10 | 10.4
Dodging        | 3 5 6 8 9 11 13 15 17 | 17.4
Invocations    | 2 4 5 7 8 |  8.0
Fighting       | 2 4 6 8 10 | 10.2
Transmutations | 4 8 10 12 | 12.0
Earth Magic    | 2 5 7 9 11 12 | 12.0
Translocations | 4 |  4.5
Shields        | 3 5 |  5.0
Evocations     | 3 |  3.7
Conjurations   | 4 |  4.2

Action                     |  1- 3 |  4- 6 |  7- 9 | 10-12 | 13-15 | 16-18 || total
---------------------------+-------+-------+-------+-------+-------+-------++-------
  Melee: Dagger            |    85 |    64 |   223 |   263 |   862 |   582 ||  2079
         Punch             |     2 |       |       |       |     3 |       ||     5
  Throw: Dart              |       |       |       |       |     3 |     1 ||     4
   Cast: Ensorcelled Hiber |    15 |    18 |    53 |   215 |   469 |   246 ||  1016
         Confusing Touch   |       |       |     6 |     1 |    45 |    30 ||    82
         Petrify           |       |       |       |       |     3 |    27 ||    30
         Blink             |       |       |       |       |     1 |     3 ||     4
         Summon Guardian G |       |       |       |       |       |     4 ||     4
 Invoke: Draw Destruction  |       |       |     1 |     5 |    45 |     9 ||    60
         Draw Summoning    |       |       |       |     9 |     6 |     7 ||    22
         Draw Escape       |       |       |       |       |     2 |       ||     2
         Triple Draw       |       |       |       |       |     2 |       ||     2
         Deal Four         |       |       |       |       |     1 |     1 ||     2
  Evoke: Wand              |       |       |       |       |     1 |     3 ||     4
    Use: Potion            |       |       |       |     1 |     1 |     7 ||     9
         Scroll            |       |       |       |     5 |    32 |     8 ||    45
   Stab: Sleeping          |    19 |    19 |    56 |   117 |   215 |   205 ||   631
         Distracted        |       |     1 |     4 |     3 |    18 |    15 ||    41
         Confused          |       |       |     3 |     1 |    42 |    23 ||    69
         Petrifying        |       |       |       |       |       |    12 ||    12
         Petrified         |       |       |       |       |       |     8 ||     8
 Armour: Robe              |     4 |       |     7 |       |     4 |       ||    15
         Acid dragon scale |       |       |     4 |    33 |    75 |    77 ||   189
  Dodge: Dodged            |    44 |    45 |   176 |   287 |   927 |   653 ||  2132
         Repelled          |       |       |       |       |     9 |     1 ||    10
  Block: Buckler           |       |       |       |       |   190 |   232 ||   422
